 Dungeon Crawl Stone Soup version 0.30.1-11-g7821555f0a (webtiles) character file.

Game seed: 13794009577679068353

16265 monsoonserge the Scorcher (level 12, -5/65 HPs)
             Began as a Deep Elf Fire Elementalist on Jan 5, 2024.
             Was an Initiate of Gozag.
             Shot with an arrow by a centaur warrior (18 damage)
             ... on level 14 of the Dungeon.
             The game lasted 00:57:30 (13965 turns).

monsoonserge the Scorcher (DEFE)                   Turns: 13965, Time: 00:57:30

Health: -5/65      AC: 20    Str:  5    XL:     12   Next: 8%
Magic:  18/18      EV: 10    Int: 34    God:    Gozag
Gold:   1041       SH:  0    Dex: 15    Spells: 10/17 levels left

rFire   . . .        Q - +0 scimitar (flame)
rCold   . . .        (no shield)
rNeg    + + +        P - quicksilver dragon scales
rPois   .            k - +1 helmet
rElec   .            v - +0 cloak
rCorr   .            D - +0 pair of gloves
SInv    .            V - +2 pair of boots of Stoicism {rN++ Int+2}
Will    ++...        (no amulet)
Stlth   ++           p - +6 ring of intelligence
HPRegen 0.30/turn    t - ring of positive energy
MPRegen 0.16/turn

%: no passive effects
@: no status effects
A: no striking features
a: Renounce Religion, Potion Petition, Call Merchant, Bribe Branch


You were on level 14 of the Dungeon.
You worshipped Gozag.
Gozag was most pleased with you.
You visited 2 branches of the dungeon, and saw 14 of its levels.
You also visited: Bailey.

You collected 2313 gold pieces.
You spent 580 gold pieces at shops.
You paid 692 gold pieces to Gozag.

Inventory:

Hand Weapons
 g - a +2 short sword of speed
 q - a +1 short sword of holy wrath
 r - a +0 arbalest
 B - a +2 short sword of draining
 F - a +2 dagger of electrocution
 Q - a +0 scimitar of flaming (weapon)
 U - a +0 longbow
Missiles
 a - 4 throwing nets
 j - 38 poisoned darts (quivered)
 O - 18 boomerangs
 R - 4 curare-tipped darts
Armour
 k - a +1 helmet (worn)
 u - a +2 leather armour of poison resistance
 v - a +0 cloak (worn)
 D - a +0 pair of gloves (worn)
 H - a +2 leather armour of cold resistance
 N - +0 acid dragon scales
 P - quicksilver dragon scales (worn)
 V - the +2 pair of boots of Stoicism (worn) {rN++ Int+2}
   (You bought it in a shop on level 8 of the Dungeon)

   Int:       It affects your intelligence (+2).
   rN:        It greatly protects you from negative energy.
Magical Staves
 L - a staff of air
 Z - a staff of poison
Jewellery
 p - a +6 ring of intelligence (left hand)
 t - a ring of positive energy (right hand)
 G - a ring of resist corrosion
 K - a ring of ice
 X - a +4 ring of protection
Wands
 l - a wand of charming (3)
 E - a wand of polymorph (26)
 I - a wand of flame (36)
 Y - a wand of roots (1)
Scrolls
 c - 2 scrolls of enchant weapon
 d - a scroll of teleportation
 n - 3 scrolls of amnesia
 o - 2 scrolls of blinking
 s - 2 scrolls of immolation
 w - 3 scrolls of poison
 z - 4 scrolls of vulnerability
 M - a scroll of silence
 W - a scroll of enchant armour {unknown}
Potions
 b - 2 potions of magic
 e - 4 potions of heal wounds
 f - 6 potions of curing
 h - a potion of lignification
 i - 2 potions of cancellation {unknown}
 m - a potion of resistance
 x - a potion of might {unknown}
 A - 3 potions of flight
 C - a potion of brilliance {unknown}
 J - a potion of haste {unknown}
Miscellaneous
 S - a piece from Xom's chessboard (14/15)
 T - a lightning rod (2/4)


   Skills:
 + Level 3.6 Fighting
 - Level 1.0(2.1) Short Blades
 + Level 2.6(2.8) Long Blades
 + Level 5.8 Ranged Weapons
 + Level 1.7 Throwing
 + Level 7.0 Armour
 + Level 4.3 Dodging
 - Level 3.0 Stealth
 - Level 3.0 Spellcasting
 + Level 8.4 Conjurations
 - Level 15.1 Fire Magic
 + Level 3.0 Evocations


You had 10 spell levels left.
You knew the following spells:

 Your Spells              Type           Power      Damage    Failure   Level
a - Foxfire               Conj/Fire      100%       2x1d9     1%          1
b - Scorch                Fire           100%       2d9       1%          2
c - Flame Wave            Conj/Fire      71%        2d16      1%          4

Your spell library contained the following spells:

 Spells                   Type           Power      Damage    Failure   Level
 Inner Flame              Hex/Fire       54%        N/A       2%          3
 Volatile Blastmotes      Fire/Tloc      100%       2d18      2%          3
 Hailstorm                Conj/Ice       33%        3d8       11%         3
 Stone Arrow              Conj/Erth      66%        3d11      11%         3
 Freeze                   Ice            20%        1d4       21%         1
 Necrotise                Necr           20%        1d5       21%         1
 Sandblast                Erth           10%        2d5       21%         1
 Slow                     Hex            20%        N/A       21%         1
 Passwall                 Tmut/Erth      4%         N/A       30%         2
 Confusing Touch          Hex            5%         N/A       52%         3
 Frozen Ramparts          Ice            10%        1d2       52%         3
 Ozocubu's Armour         Ice            5%         N/A       52%         3
 Vampiric Draining        Necr           5%         2d6       52%         3
 Agony                    Necr           5%         N/A       99%         5
 Alistair's Intoxication  Tmut/Pois      3%         N/A       99%         5
 Borgnjor's Vile Clutch   Necr/Erth      2%         N/A       99%         5
 Metabolic Englaciation   Hex/Ice        2%         N/A       99%         5
 Eringya's Noxious Bog    Tmut/Pois      2%         N/A       100%        6
 Simulacrum               Ice/Necr       Unusable   N/A       N/A         6

Dungeon Overview and Level Annotations

Branches:
Dungeon (14/15)            Temple (1/1) D:7            Lair (0/5) D:11
 Bailey (visited)
    Orc: D:9-12      Vaults: D:13-14

Altars:
Ashenzari
Cheibriados
Dithmenos
Elyvilon
Fedhas
Gozag
Hepliaklqana
Kikubaaqudgha
Makhleb
Nemelex Xobeh
Okawaru
Qazlal
Ru
Sif Muna
Trog
Uskayaw
Vehumet
Wu Jian
Xom
Yredelemnul
Zin
The Shining One

Shops:
D:2 [   D:8 [

Annotations:
D:10 exclusion: ice statue
D:14 Urug


Message History

Press: ? - help, Shift-Dir - straight line, f - human
Aim: a human (chance to affect: 56%)
The human is charmed.
Okay, then.
Okay, then.
Throw: 42 darts (poison)
Press: ? - help, Q - select action, (/) - cycle Shift-Dir - straight line, f - centaur warrior, p - human
Aim: a centaur warrior (67% to hit)
You throw a poisoned dart.
The poisoned dart hits the centaur warrior.
The centaur warrior is poisoned.
The centaur warrior wields a +0 longbow.
The centaur warrior shoots an arrow.
The arrow barely misses you.
Your human hits the centaur warrior.
Throw: 41 darts (poison)
Press: ? - help, Q - select action, (/) - cycle Shift-Dir - straight line, f/p - centaur warrior
Aim: a centaur warrior, wielding a +0 longbow (lightly wounded, poisoned, ally target, 67% to hit)
You throw a poisoned dart.
The poisoned dart barely misses the centaur warrior.
The centaur warrior shoots an arrow.
The arrow hits you.
Your human hits the centaur warrior!
The centaur warrior shoots an arrow.
The arrow hits you!
* * * LOW HITPOINT WARNING * * *
Throw: 40 darts (poison)
Press: ? - help, Q - select action, (/) - cycle Shift-Dir - straight line, f/p - centaur warrior
Aim: a centaur warrior, wielding a +0 longbow (lightly wounded, poisoned, ally target, 67% to hit)
You throw a poisoned dart.
The poisoned dart completely misses the centaur warrior.
The centaur warrior shoots an arrow.
The arrow hits you but does no damage.
Your human hits the centaur warrior but does no damage.
Throw: 39 darts (poison)
Press: ? - help, Q - select action, (/) - cycle Shift-Dir - straight line, f/p - centaur warrior
Aim: a centaur warrior, wielding a +0 longbow (lightly wounded, not watching you, poisoned, ally target, 67% to hit)
You throw a poisoned dart.
The poisoned dart hits the centaur warrior.
The centaur warrior looks even sicker.
The centaur warrior is lightly wounded.
The centaur warrior shoots an arrow.
The arrow hits you!!
You die...
Your body crumbles into a pile of gold.

########################
..)..y.yy.O......(......
.....9#############.####
####. #.# # #.# $ ###
### #####.#
#@###8###8#...####
##............O...
#................
##..######...##### #8.p#
#...# ##c.# #...#
#..######...#####
##.(..............
#8..##########....


You could see a centaur warrior (very poisoned, ally target) and a friendly
human (charmed).

Vanquished Creatures
  An ogre mage (D:10)
  A centaur warrior (D:14)
  A boulder beetle (D:10)
  3 two-headed ogres
  Sonja (D:10)
  An orc knight (Bailey)
  3 cyclopes (D:14)
  Maggie (D:8)
  An unseen horror (D:10)
  A freezing wraith (D:14)
  A troll (D:10)
  Grinder (D:4)
  A hornet (D:7)
  4 slime creatures (D:9)
  2 shadows (D:10)
  3 wraiths
  11 yaks
  A steam dragon (D:9)
  A basilisk (shapeshifter) (D:14)
  2 humans (D:14)
  Menkaure (D:4)
  9 vampire mosquitoes
  Duvessa (D:6)
  3 water moccasins
  A black bear (D:8)
  7 orc warriors
  A sky beast (D:7)
  An ogre (D:5)
  A boggart (D:14)
  9 centaurs
  A phantom (D:6)
  2 kobold brigands
  3 bullfrogs (D:7)
  3 scorpions
  Dowan (D:6)
  8 killer bees
  2 electric eels (D:10)
  10 howler monkeys
  2 jellies
  2 gnoll boudas (D:7)
  3 orc priests
  Crazy Yiuf (D:6)
  A hound (D:5)
  3 iguanas
  2 sleepcaps
  11 orc wizards
  12 gnolls
  5 adders
  A shadow imp (D:5)
  An ufetubus (D:4)
  2 worms
  4 dart slugs
  15 orcs
  8 endoplasms
  4 giant cockroaches
  12 goblins
  14 hobgoblins
  8 jackals
  5 quokkas
  6 ball pythons
  3 bats
  A frilled lizard (D:2)
  27 kobolds
  4 rats
262 creatures vanquished.

Vanquished Creatures (collateral kills)
  A foxfire (D:7)
1 creature vanquished.

Vanquished Creatures (others)
  A human (D:14)
  549 foxfires
550 creatures vanquished.

Grand Total: 813 creatures vanquished

Notes
Turn   | Place    | Note
-------+----------+-------------------------------------------
     0 | D:1      | monsoonserge the Deep Elf Fire Elementalist began the quest
                  | for the Orb.
     0 | D:1      | Reached XP level 1. HP: 10/10 MP: 6/6
   226 | D:1      | Reached XP level 2. HP: 15/15 MP: 5/8
   228 | D:1      | Reached skill level 4 in Fire Magic
   337 | D:1      | Learned a level 2 spell: Scorch
   603 | D:1      | Reached XP level 3. HP: 19/19 MP: 6/9
  1290 | D:2      | Found Udua's Antique Armour Shop.
  1638 | D:3      | Found an opulent altar of Gozag.
  1676 | D:3      | Became a worshipper of Gozag Ym Sagoz the Greedy
  1845 | D:3      | Reached XP level 4. HP: 24/24 MP: 4/10
  1850 | D:3      | Reached skill level 5 in Fire Magic
  2212 | D:3      | Reached skill level 1 in Ranged Weapons
  2221 | D:3      | Reached XP level 5. HP: 15/28 MP: 3/11
  2407 | D:2      | Bought a runed leather armour for 110 gold pieces
  2801 | D:4      | Noticed Menkaure
  2806 | D:4      | Killed Menkaure
  2807 | D:4      | Reached skill level 1 in Armour
  2807 | D:4      | Reached XP level 6. HP: 20/33 MP: 7/12
  3158 | D:4      | Reached skill level 1 in Fighting
  3248 | D:4      | Noticed Grinder
  3253 | D:4      | Killed Grinder
  3254 | D:4      | Reached skill level 5 in Ranged Weapons
  3254 | D:4      | Reached skill level 6 in Fire Magic
  3254 | D:4      | Reached XP level 7. HP: 19/38 MP: 2/13
  3264 | D:4      | Learned a level 4 spell: Flame Wave
  3509 | D:4      | Found a snail-covered altar of Cheibriados.
  3509 | D:4      | Found a burning altar of Makhleb.
  3590 | D:5      | Entered Level 5 of the Dungeon
  3737 | D:5      | HP: 1/38 [centaur (4)]
  3789 | D:5      | Reached XP level 8. HP: 12/44 MP: 0/14
  3831 | D:5      | Reached skill level 7 in Fire Magic
  3968 | D:5      | Found a bloodstained altar of Trog.
  4340 | D:5      | Found a hide-covered altar of Uskayaw.
  4496 | D:5      | Reached skill level 8 in Fire Magic
  4719 | D:6      | Found an ornate altar of the Wu Jian Council.
  4812 | D:6      | Found a hazy altar of Hepliaklqana.
  4837 | D:6      | Noticed Dowan
  4841 | D:6      | Noticed Duvessa
  4846 | D:6      | Killed Dowan
  4849 | D:6      | Killed Duvessa
  5332 | D:6      | Found a runed translucent door.
  5333 | D:6      | Noticed Crazy Yiuf
  5338 | D:6      | Killed Crazy Yiuf
  5339 | D:6      | Reached skill level 9 in Fire Magic
  5805 | D:7      | Reached XP level 9. HP: 30/48 MP: 3/15
  5944 | D:7      | Found a flagged portal.
  5950 | Bailey   | Entered a bailey
  6045 | Bailey   | Noticed an orc knight
  6405 | Bailey   | Killed an orc knight
  6406 | Bailey   | Reached skill level 10 in Fire Magic
  6409 | Bailey   | Reached skill level 5 in Conjurations
  6882 | D:7      | Reached skill level 11 in Fire Magic
  7783 | D:7      | Found a staircase to the Ecumenical Temple.
  7798 | Temple   | Entered the Ecumenical Temple
  8449 | D:8      | Noticed Maggie
  8457 | D:8      | Reached skill level 12 in Fire Magic
  8457 | D:8      | Reached XP level 10. HP: 53/53 MP: 5/16
  8463 | D:8      | Killed Maggie
  8464 | D:8      | Reached skill level 1 in Short Blades
  8543 | D:8      | Noticed a two-headed ogre
  8765 | D:8      | Killed a two-headed ogre
  8766 | D:8      | Reached skill level 1 in Evocations
  8798 | D:8      | Reached skill level 5 in Armour
  9280 | D:9      | Reached skill level 13 in Fire Magic
  9407 | D:8      | Bought the +2 pair of boots of Stoicism {rN++ Int+2} for
                  | 470 gold pieces
 10574 | D:10     | Entered Level 10 of the Dungeon
 10613 | D:10     | Noticed a two-headed ogre
 10659 | D:10     | Found a radiant altar of Vehumet.
 10665 | D:10     | Reached XP level 11. HP: 59/59 MP: 9/17
 10671 | D:10     | Reached skill level 1 in Long Blades
 11260 | D:10     | Noticed Sonja
 11263 | D:10     | Killed Sonja
 11264 | D:10     | Reached skill level 14 in Fire Magic
 11422 | D:10     | Killed a two-headed ogre
 11830 | D:10     | Noticed a boulder beetle
 12003 | D:10     | Killed a boulder beetle
 12063 | D:10     | Noticed an ogre mage
 12071 | D:10     | HP: 2/60 [something (8)]
 12470 | D:10     | Killed an ogre mage
 12471 | D:10     | Reached skill level 1 in Throwing
 12814 | D:11     | Found a staircase to the Lair.
 12814 | D:11     | You fall into a shaft and drop 2 floors!
 12827 | D:13     | Noticed a catoblepas
 12831 | D:13     | Noticed a centaur warrior
 13017 | D:14     | Reached skill level 15 in Fire Magic
 13251 | D:14     | Noticed a centaur warrior
 13255 | D:14     | Killed a centaur warrior
 13365 | D:14     | Noticed a deep elf zephyrmancer
 13635 | D:14     | Noticed a two-headed ogre
 13642 | D:14     | Killed a two-headed ogre
 13643 | D:14     | Reached XP level 12. HP: 65/65 MP: 9/18
 13888 | D:14     | Noticed Urug
 13894 | D:14     | Noticed a two-headed ogre
 13960 | D:14     | Noticed a centaur warrior
 13965 | D:14     | Shot with an arrow by a centaur warrior

Illustrated notes

Levels and vault maps discovered:
D:1:      eino_arrival_tree_alley, layout_loops_ring
D:2:      layout_basic, serial_shops, shop
D:3:      layout_basic, mainiacjoe_overflow_cross_hatched
D:4:      layout_loops_ring, amethyst_overflow_temple_binary, uniq_menkaure,
          uniq_grinder
D:5:      wad_lake_hut, layout_rooms, trog_three_pillars_becter,
          nicolae_uskayaw_dance_hall
D:6:      layout_loops_ring, mainiacjoe_overflow_surrounded_room,
          general_overflow_altar, uniq_duvessa, uniq_crazy_yiuf_cottage
D:7:      layout_layer_cave, minmay_temple_entry_overgrown, enter_bailey_1,
          grunt_decor_clamped, minmay_crossroads
D:8:      layout_basic, uniq_maggie
D:9:      layout_basic
D:10:     lemuel_ice_statue, layout_small_grid, overflow_temple_1_default,
          fountainhead, ebering_dispersal_statue_hall, evilmike_minifort,
          uniq_sonja
D:11:     layout_basic, erik_lair_island, uniq_erolcha
D:13:     layout_basic, nicolae_elyvilon_peaceful_grove, uniq_maurice
D:14:     minmay_quarter_circles, layout_long_grid, david_vaults_3,
          chequers_hall_statues_corner_a
Temple:   nicolae_temple_two_arcs

Skill      XL: |  1  2  3  4  5  6  7  8  9 10 11 12 |
---------------+-------------------------------------+-----
Fire Magic     | 4 5 6 9 12 13 15 | 15.1
Ranged Weapons | 2 3 5 |  5.8
Conjurations   | 2 3 4 5 6 8 |  8.4
Stealth        | 3 |  3.0
Armour         | 1 2 3 4 5 6 7 |  7.0
Dodging        | 3 4 |  4.3
Fighting       | 1 2 3 |  3.6
Short Blades   | 1 |  1.0
Evocations     | 1 2 3 |  3.0
Long Blades    | 2 |  2.6
Throwing       | 1 |  1.7
Spellcasting   | |  3.0

Action                     |  1- 3 |  4- 6 |  7- 9 | 10-12 || total
---------------------------+-------+-------+-------+-------++-------
  Melee: Unarmed           |     2 |       |       |       ||     2
         Dagger            |     2 |       |       |       ||     2
         Shortbow          |       |     2 |       |       ||     2
         Short sword       |       |       |    37 |     7 ||    44
         Punch             |       |       |     1 |       ||     1
         Scimitar          |       |       |       |    28 ||    28
   Fire: Shortbow          |     2 |    58 |     1 |       ||    61
  Throw: Dart              |       |       |     3 |    12 ||    15
   Cast: Foxfire           |    78 |    17 |    88 |   138 ||   321
         Scorch            |     8 |    22 |    79 |   114 ||   223
         Flame Wave        |       |       |     8 |    15 ||    23
 Invoke: Call Merchant     |       |       |       |     1 ||     1
  Evoke: Wand              |       |       |     3 |     2 ||     5
         Piece from Xom's  |       |       |       |     7 ||     7
         Lightning rod     |       |       |       |     3 ||     3
    Use: Potion            |       |     1 |     3 |     4 ||     8
         Scroll            |       |       |     9 |    10 ||    19
   Stab: Distracted        |       |       |     2 |       ||     2
 Armour: Robe              |     2 |     5 |       |       ||     7
         Leather armour    |       |    13 |    12 |       ||    25
         Skin              |       |       |     6 |       ||     6
         Quicksilver drago |       |       |    11 |    90 ||   101
  Dodge: Dodged            |     6 |    34 |    35 |    69 ||   144
